 Dungeon Crawl Stone Soup version 0.31.0-11-ge490571c62 (webtiles) character file.

Game seed: 5989234523370356922

607 PaiMei the Grave Robber (level 7, -1/44 (51) HPs)
             Began as a Demonspawn Necromancer on Jan 31, 2024.
             Slain by a wight
             ... wielding a +0 flail
              (12 damage)
             ... on level 4 of the Dungeon.
             The game lasted 00:04:58 (4674 turns).

PaiMei the Grave Robber (Demonspawn Necromancer)    Turns: 4674, Time: 00:04:59

HP:   -1/44 (51)    AC:  7    Str:  8    XL:     7   Next: 19%
MP:   13/13         EV: 13    Int: 18    God:
Gold: 180           SH:  0    Dex: 13    Spells: 6/14 levels left

rFire   . . .        j - +2 whip (venom)
rCold   . . .        (no shield)
rNeg    . . .        a - +0 robe
rPois   .            (helmet restricted)
rElec   .            h - +0 cloak
rCorr   +            s - +0 pair of gloves
SInv    .            d - +2 pair of boots
Will    .....        (no amulet)
Stlth   ++           m - ring of resist corrosion
HPRegen 0.27/turn    r - ring of wizardry
MPRegen 0.13/turn

%: wizardry (x1)
@: heavily drained
A: horns 2, demonic guardian 2
a: no special abilities


You were on level 4 of the Dungeon.
You visited 1 branch of the dungeon, and saw 4 of its levels.

You collected 180 gold pieces.

Inventory:

Hand Weapons
 j - a +2 whip of venom (weapon)
 o - a +3 quarterstaff of chaos
Missiles
 k - 4 curare-tipped darts (quivered)
Armour
 a - a +0 robe (worn)
 d - a +2 pair of boots (worn)
 h - a +0 cloak (worn)
 s - a +0 pair of gloves (worn)
Jewellery
 m - a ring of resist corrosion (left hand)
 q - a ring of flight
 r - a ring of wizardry (right hand)
Wands
 n - a wand of polymorph (8)
 t - a wand of flame (18)
Scrolls
 i - a scroll of vulnerability {unknown}
 l - 5 scrolls of identify {unknown}
Potions
 b - a potion of magic
 c - 2 potions of curing {unknown}
 e - 2 potions of lignification {unknown}
 f - a potion of haste {unknown}
 g - a potion of brilliance {unknown}
 p - a potion of heal wounds {unknown}


   Skills:
 + Level 2.9 Fighting
 + Level 3.9 Dodging
 - Level 2.6 Stealth
 + Level 4.0 Spellcasting
 + Level 6.1 Necromancy


You had 6 spell levels left.
You knew the following spells:

 Your Spells              Type           Power      Damage    Failure   Level
a - Necrotise             Necr           100%       1d9       1%          1
b - Vampiric Draining     Necr           25%        2d7       1%          3
c - Animate Dead          Necr           25%        N/A       4%          4

Your spell library contained the following spells:

 Spells                   Type           Power      Damage    Failure   Level
 Magic Dart               Conj           12%        1d3       6%          1
 Ensorcelled Hibernation  Hex/Ice        6%         N/A       9%          2
 Searing Ray              Conj           6%         2d4       9%          2
 Curse of Agony           Necr           25%        N/A       13%         5
 Passwall                 Erth           3%         N/A       17%         3
 Swiftness                Air            3%         N/A       17%         3
 Fulminant Prism          Conj/Alch      1%         3d5       47%         4


Dungeon Overview and Level Annotations

Branches:
Dungeon (4/15)
 Temple: D:4-7

Altars:


Innate Abilities, Weirdness & Mutations

You have a pair of horns on your head.
A demonic guardian rushes to your aid.


Message History

You hit the wight but do no damage. Your headbutt misses the wight.
The wight is lightly damaged.
The wight closely misses you.
You hit the wight.
The wight is moderately damaged.
The wight closely misses you.
You hit the wight.
The wight is moderately damaged.
The wight barely misses you.
You hit the wight.
You headbutt the wight, but do no damage.
The wight is severely damaged.
The wight barely misses you.
You closely miss the wight.
The wight is severely damaged.
The wight closely misses you.
You hit the wight.
The wight is severely damaged.
The wight hits you but does no damage.
You hit the wight but do no damage.
The wight is severely damaged.
The wight hits you with a +0 flail.
You feel drained.
You hit the wight but do no damage.
The wight is severely damaged.
The wight closely misses you.
You hit the wight but do no damage.
The wight is severely damaged.
The wight misses you. x2
You hit the wight but do no damage.
The wight is severely damaged.
The wight closely misses you.
You barely miss the wight.
The wight is severely damaged.
The wight hits you with a +0 flail.
* * * LOW HITPOINT WARNING * * *
You barely miss the wight.
You headbutt the wight, but do no damage.
The wight is severely damaged.
The wight hits you with a +0 flail!
You die...

####################
...............z...#
................@..#
...................#
...................#
##+#####....###....#
....####....###....#
...................#
)..................#
..........z........#
..########'#########


You could see a wight.

Vanquished Creatures
  Sigmund (D:2)
  Eustachio (D:4)
  2 wights
  Crazy Yiuf (D:2)
  2 iguanas (D:4)
  Jessica (D:2)
  Robin (D:2)
  3 adders
  2 dart slugs
  2 ribbon worms (D:2)
  4 endoplasms
  A giant cockroach (D:2)
  9 goblins
  9 hobgoblins
  5 quokkas
  A ball python (D:4)
  3 bats
  2 frilled lizards (D:2)
  3 kobolds
  2 rats
55 creatures vanquished.

Vanquished Creatures (collateral kills)
  A dart slug (D:1)
  An orc (D:4)
2 creatures vanquished.

Grand Total: 57 creatures vanquished

Notes
Turn   | Place    | Note
-------+----------+-------------------------------------------
     0 | D:1      | PaiMei the Demonspawn Necromancer began the quest for the
                  | Orb.
     0 | D:1      | Reached XP level 1. HP: 13/13 MP: 3/3
   433 | D:1      | Gained mutation: A weak demonic guardian rushes to your
                  | aid. [demonic ancestry]
   433 | D:1      | Reached XP level 2. HP: 19/19 MP: 0/5
  1105 | D:2      | Noticed Jessica
  1111 | D:2      | Killed Jessica
  1112 | D:2      | Gained mutation: You have a pair of small horns on your
                  | head. [demonic ancestry]
  1112 | D:2      | Reached XP level 3. HP: 24/24 MP: 1/6
  1282 | D:2      | Noticed Robin
  1292 | D:2      | Killed Robin
  1307 | D:2      | Reached XP level 4. HP: 19/30 MP: 0/7
  1860 | D:2      | Reached skill level 5 in Necromancy
  1940 | D:2      | Noticed Sigmund
  2065 | D:2      | Killed Sigmund
  2066 | D:2      | Reached skill level 1 in Fighting
  2066 | D:2      | Reached XP level 5. HP: 20/38 MP: 7/10
  2270 | D:2      | Found a runed translucent door.
  2271 | D:2      | Noticed Crazy Yiuf
  2296 | D:2      | Gained mutation: You have a pair of horns on your head.
                  | [demonic ancestry]
  2296 | D:2      | Reached XP level 6. HP: 42/44 MP: 8/11
  2709 | D:2      | Killed Crazy Yiuf
  3839 | D:4      | Noticed Eustachio
  3847 | D:4      | Killed Eustachio
  3960 | D:4      | Gained mutation: A demonic guardian rushes to your aid.
                  | [demonic ancestry]
  3960 | D:4      | Reached XP level 7. HP: 43/51 MP: 12/12
  3996 | D:4      | Reached skill level 6 in Necromancy
  4286 | D:4      | Learned a level 3 spell: Vampiric Draining
  4291 | D:4      | Learned a level 4 spell: Animate Dead
  4674 | D:4      | Slain by a wight

Illustrated notes

Levels and vault maps discovered:
D:1:      lemuel_arrival_lava_pool, layout_basic, item_on_display_a
D:2:      layout_loops_ring, uniq_robin, uniq_crazy_yiuf_cottage, uniq_sigmund,
          uniq_jessica
D:3:      layout_basic
D:4:      layout_gridville, minmay_hedge_maze, nicolae_shop_vocational,
          uniq_eustachio

Skill      XL: |  1  2  3  4  5  6  7 |
---------------+----------------------+-----
Stealth        | 2 |  2.6
Dodging        | 2 3 |  3.9
Necromancy     | 5 6 |  6.1
Fighting       | 1 2 |  2.9
Spellcasting   | 3 4 |  4.0

Action                     |  1- 3 |  4- 6 |  7- 9 || total
---------------------------+-------+-------+-------++-------
  Melee: Whip              |    13 |    42 |    34 ||    89
         Headbutt          |     2 |     9 |     6 ||    17
         Punch             |       |     2 |     1 ||     3
   Cast: Necrotise         |    39 |    52 |     2 ||    93
   Stab: Distracted        |       |       |     1 ||     1
 Armour: Robe              |    14 |    36 |    22 ||    72
  Dodge: Dodged            |    13 |    22 |    17 ||    52
